General information
			
			
        
        - name: BNet
 
        - type: Ladder 1vs1/FFA
 
        - host: Battle.net
 
        - saver: GundamPilot
 
        
map: EchoIsles 
        - players: 2
 
        - length: 26:06
 
        - speed: Fast
 - version: 1.22 W3XP
 - replay type:  Public
 
» download(97 KB)
Players
        team 1 (winner) 
              
              
GundamPilot (
orange | 117 APM | 3060 actions | 26:06)
              
 7 Demon Hunter 
 3 Mana Burn
 3 Evasion
 1 Metamorphosis
 6 Pandaren Brewmaster 
 3 Breath of Fire
 2 Drunken Haze
 1 Storm Earth and Fire
 
                » actions 
                
                | Assign group hotkey | 29 |  | 
| Basic commands | 164 |  | 
| Build / train | 93 |  | 
| ESC pressed | 1 |  | 
| Enter build submenu | 20 |  | 
| Enter hero's abilities submenu | 13 |  | 
| Give item / drop item | 5 |  | 
| Right click | 1349 |  | 
| Select / deselect | 786 |  | 
| Select group hotkey | 390 |  | 
| Use ability | 210 |  | 
                3060 total
 » units 
                
                | Wisp | 29 |  | 
| Archer | 3 |  | 
| Dryad | 7 |  | 
| Druid of the Claw | 7 |  | 
                46 total
 » upgrades
                
                | Abolish Magic | 1 |  | 
| Druid of the Claw Training | 2 |  | 
| Strength of the Wild | 3 |  | 
| Reinforced Hides | 3 |  | 
| Mark of the Claw | 1 |  | 
| Well Spring | 1 |  | 
                11 total
 » buildings
                
                | Altar of Elders | 1 |  | 
| Moon Well | 5 |  | 
| Ancient of War | 1 |  | 
| Tree of Ages | 1 |  | 
| Hunter's Hall | 1 |  | 
| Ancient of Lore | 2 |  | 
| Ancient of Wonders | 1 |  | 
| Tree of Eternity | 1 |  | 
| Tree of Life | 2 |  | 
| Ancient of Wind | 2 |  | 
| Chimaera Roost | 3 |  | 
                20 total
 » build order
                00:03 Altar of Elders
00:07 Moon Well
01:05 Ancient of War
01:35 Moon Well
02:44 Tree of Ages
03:10 Hunter's Hall
03:31 Moon Well
05:18 Ancient of Lore
05:21 Ancient of Lore
05:43 Ancient of Wonders
06:14 Tree of Eternity
07:14 Moon Well
09:31 Tree of Life
10:41 Moon Well
19:13 Tree of Life
20:21 Ancient of Wind
21:09 Ancient of Wind
24:30 Chimaera Roost
24:31 Chimaera Roost
24:34 Chimaera Roost
» items
                
                | Potion of Healing | 1 |  | 
| Staff of Preservation | 1 |  | 
| Dust of Appearance | 1 |  | 
| Lesser Clarity Potion | 2 |  | 
| Orb of Venom | 2 |  | 
| Ring of Protection +2 | 2 |  | 
| Scroll of Town Portal | 2 |  | 
| Scroll of Healing | 2 |  | 
| Scroll of Protection | 1 |  | 
| Potion of Lesser Invulnerability | 1 |  | 
| Potion of Invulnerability | 1 |  | 
| Replenishment Potion | 1 |  | 
| Talisman of Evasion | 1 |  | 
| Ring of Protection +3 | 1 |  | 
                19 total
  
               team 2 (loser) 
              
              
xNorTherNx (
teal | 76 APM | 1982 actions | 26:05)
              
 4 Death Knight 
 2 Death Coil
 2 Unholy Aura
 2 Lich 
 1 Frost Nova
 1 Dark Ritual
 
                » actions 
                
                | Assign group hotkey | 49 |  | 
| Build / train | 79 |  | 
| Enter build submenu | 18 |  | 
| Enter hero's abilities submenu | 6 |  | 
| Remove unit from queue | 8 |  | 
| Right click | 645 |  | 
| Select / deselect | 459 |  | 
| Select group hotkey | 463 |  | 
| Use ability | 255 |  | 
                1982 total
 » units 
                
                | Acolyte | 3 |  | 
| Ghoul | 7 |  | 
| Crypt Fiend | 5 |  | 
| Obsidian Statue | 4 |  | 
| Gargoyle | 4 |  | 
| Meatwagon | 5 |  | 
| Necromancer | 16 |  | 
                44 total
 » upgrades
                
                | Creature Carapace | 1 |  | 
| Creature Attack | 1 |  | 
| Burrow | 1 |  | 
| Exhume Corpses | 1 |  | 
| Necromancer Training | 2 |  | 
| Skeletal Longevity | 1 |  | 
| Unholy Armor | 2 |  | 
| Unholy Strength | 2 |  | 
| Skeletal Mastery | 1 |  | 
                12 total
 » buildings
                
                | Graveyard | 1 |  | 
| Crypt | 1 |  | 
| Altar of Darkness | 1 |  | 
| Ziggurat | 8 |  | 
| Tomb of Relics | 1 |  | 
| Nerubian Tower | 1 |  | 
| Halls of the Dead | 1 |  | 
| Slaughterhouse | 1 |  | 
| Temple of the Damned | 1 |  | 
| Spirit Tower | 1 |  | 
| Black Citadel | 1 |  | 
                18 total
 » build order
                00:22 Graveyard
00:25 Crypt
00:46 Altar of Darkness
01:01 Ziggurat
01:25 Tomb of Relics
02:02 Nerubian Tower
02:26 Ziggurat
03:38 Halls of the Dead
04:40 Ziggurat
06:21 Slaughterhouse
07:06 Ziggurat
09:14 Temple of the Damned
11:01 Ziggurat
11:04 Ziggurat
11:36 Spirit Tower
17:04 Black Citadel
18:26 Ziggurat
18:28 Ziggurat
» items
                
                | Rod of Necromancy | 2 |  | 
| Scroll of Town Portal | 1 |  | 
                3 total
  
                Chat log
          
(14:51 / All) xNorTherNx: wow someone hacks lmao
(26:01 / All) xNorTherNx: hackers do get lucky sometime